 Dungeon Crawl Stone Soup version 0.30-a0-799-g109b55a442 (webtiles) character file.

Game seed: 15302273819633852041

100115 dolemite99 the Hand of Fortune (level 15, -10/114 HPs)
             Began as a Demonspawn Conjurer on Feb 20, 2023.
             Was the Champion of Nemelex Xobeh.
             Mangled by a skyshark (25 damage)
             ... on level 1 of the Shoals.
             The game lasted 01:35:47 (52217 turns).

dolemite99 the Hand of Fortune (DsCj)              Turns: 52217, Time: 01:35:49

Health: -10/114    AC: 18    Str:  9      XL:     15   Next: 79%
Magic:  5/27       EV: 19    Int: 30 (31) God:    Nemelex Xobeh [******]
Gold:   229        SH:  7    Dex: 14 (17) Spells: 0/31 levels left

rFire   . . .      SeeInvis .    b - +6 rapier "Ziesm" {spect, Dex+5 Stlth+}
rCold   . . .      Faith    +    u - +2 buckler {AC+3}
rNeg    . . .      Spirit   .    E - +1 steam dragon scales
rPois   +          Reflect  .    C - +2 helmet
rElec   .          Harm     .    (cloak unavailable)
rCorr   +          Rampage  .    S - +2 pair of gloves
Will    +....                    j - +2 pair of boots
Stlth   ++                       G - amulet of faith
HPRegen 0.39/turn                O - ring of wizardry
MPRegen 0.20/turn                p - ring of Acas {rPois rCorr Int+6, =R}

@: mighty, on berserk cooldown, animating dead, studying Staves, repel missiles,
very slow
A: repulsion field 3, powered by death 1, powered by pain 1, weakness stinger 3
a: Renounce Religion, Draw Escape, Draw Destruction, Draw Summoning, Triple
Draw, Deal Four, Stack Five


You were on level 1 of the Shoals.
You worshipped Nemelex Xobeh.
Nemelex Xobeh was exalted by your worship.
You visited 6 branches of the dungeon, and saw 26 of its levels.

You collected 2589 gold pieces.
You spent 2360 gold pieces at shops.

Inventory:

Hand Weapons
 a - a +4 sling of flaming
 b - the +6 rapier "Ziesm" (weapon) {spect, Dex+5 Stlth+}
   (You found it on level 7 of the Dungeon)

   Dex:       It affects your dexterity (+5).
   Stlth:     It makes you more stealthy.
 d - the +7 staff of the Meek {protect, meekguard}
   (You found it on level 7 of the Dungeon)
 f - a +0 trident
Missiles
 l - 6 curare-tipped darts
 n - 13 poisoned darts (quivered)
 q - 3 throwing nets
 r - 15 boomerangs
 v - 3 silver boomerangs
Armour
 j - a +2 pair of boots (worn)
 u - a +2 buckler of protection (worn)
 B - +0 acid dragon scales
 C - a +2 helmet (worn)
 E - +1 steam dragon scales (worn)
 S - a +2 pair of gloves (worn)
Magical Staves
 h - a staff of fire
 P - a staff of poison
 R - a staff of air
Jewellery
 i - a +4 ring of slaying
 o - a ring of poison resistance
 p - the ring of Acas (right hand) {rPois rCorr Int+6, =R}
   (You found it on level 8 of the Dungeon)

   [ring of resist corrosion]

   Int:       It affects your intelligence (+6).
   rPois:     It protects you from poison.
   rCorr:     It protects you from acid and corrosion.
 w - a +5 ring of evasion
 A - a ring of resist corrosion
 G - an amulet of faith (around neck)
 I - a ring of magical power
 J - a ring of see invisible
 O - a ring of wizardry (left hand)
 V - a +6 ring of intelligence
 X - a +6 ring of intelligence
Wands
 H - a wand of roots (2)
 Q - a wand of flame (28)
Scrolls
 c - 2 scrolls of torment
 g - 3 scrolls of fog
 m - 3 scrolls of vulnerability
 s - a scroll of enchant weapon
 t - 2 scrolls of immolation
 y - 2 scrolls of teleportation
 M - 10 scrolls of identify {@r1}
 T - a scroll of silence {unknown}
Potions
 e - 6 potions of attraction
 k - 4 potions of curing
 x - a potion of brilliance
 z - 6 potions of lignification
 D - a potion of cancellation
 K - a potion of ambrosia
 L - 4 potions of flight
 W - a potion of berserk rage


   Skills:
 - Level 9.4 Fighting
 - Level 2.0 Short Blades
 - Level 4.0 Ranged Weapons
 - Level 3.0 Throwing
 - Level 7.5 Dodging
 - Level 3.0 Stealth
 - Level 4.0 Shields
 - Level 8.5 Spellcasting
 - Level 10.3 Conjurations
 - Level 7.9 Hexes
 - Level 7.0 Necromancy
 - Level 6.4 Translocations
 - Level 9.0 Transmutations
 - Level 7.0 Air Magic
 + Level 8.3 Poison Magic
 - Level 12.1 Invocations
 - Level 3.0 Evocations


You couldn't memorise any spells.
You knew the following spells:

 Your Spells              Type           Power      Damage    Failure   Level
a - Fulminant Prism       Conj/Hex       30%        3d15      1%          4
b - Yara's Violent Unrav  Hex/Tmut       29%        3d12      1%          5
c - Iskenderun's Mystic   Conj/Tloc      59%        2d12      1%          4
d - Lightning Bolt        Conj/Air       30%        1d47      1%          5
e - Teleport Other        Tloc           51%        N/A       1%          3
f - Sublimation of Blood  Necr           53%        N/A       1%          2
g - Animate Dead          Necr           53%        N/A       1%          4
h - Olgreb's Toxic Radia  Pois           58%        N/A       1%          4

Your spell library contained the following spells:

 Spells                   Type           Power      Damage    Failure   Level
 Apportation              Tloc           100%       N/A       1%          1
 Magic Dart               Conj           100%       1d8       1%          1
 Necrotise                Necr           100%       1d9       1%          1
 Shock                    Conj/Air       100%       1d9       1%          1
 Slow                     Hex            100%       N/A       1%          1
 Sting                    Tmut/Pois      100%       1d8       1%          1
 Cigotuvi's Dreadful Rot  Necr/Pois/Air  100%       N/A       1%          2
 Lesser Beckoning         Tloc           100%       N/A       1%          2
 Passwall                 Tmut/Erth      32%        N/A       1%          2
 Poisonous Vapours        Pois/Air       100%       N/A       1%          2
 Searing Ray              Conj           100%       2d8       1%          2
 Confusing Touch          Hex            57%        N/A       1%          3
 Dazzling Flash           Conj/Hex       100%       N/A       1%          3
 Gell's Gravitas          Tloc           51%        N/A       1%          3
 Stone Arrow              Conj/Erth      88%        3d12      1%          3
 Swiftness                Air            53%        N/A       1%          3
 Tukima's Dance           Hex            57%        N/A       1%          3
 Vampiric Draining        Necr           53%        2d9       1%          3
 Airstrike                Air            26%        2d(4-20)  1%          4
 Dispel Undead            Necr           53%        3d19      1%          4
 Passage of Golubria      Tloc           51%        N/A       1%          4
 Irradiate                Conj/Tmut      31%        3d22      1%          5
 Sandblast                Erth           24%        2d8       2%          1
 Summon Small Mammal      Summ           48%        N/A       2%          1
 Petrify                  Tmut/Erth      39%        N/A       3%          4
 Summon Lightning Spire   Summ/Air       33%        N/A       4%          4
 Ozocubu's Armour         Ice            12%        N/A       6%          3
 Death Channel            Necr           26%        N/A       17%         6
 Haunt                    Necr/Summ      16%        N/A       98%         7
 Infestation              Necr           26%        N/A       99%         8
 Ozocubu's Refrigeration  Ice            6%         4d8       100%        7


Dungeon Overview and Level Annotations

Branches:
Dungeon (15/15)            Temple (1/1) D:7            Lair (5/5) D:9
 Shoals (1/4) Lair:2       Spider (2/4) Lair:3        Slime (0/5) Lair:5
    Orc (2/2) D:9             Elf (0/3) Orc:2        Vaults (0/5) D:13
 Depths (0/4) D:15

Altars:
Ashenzari
Cheibriados
Dithmenos
Fedhas
Gozag
Hepliaklqana
Kikubaaqudgha
Makhleb
Nemelex Xobeh
Okawaru
Qazlal
Ru
Sif Muna
Trog
Uskayaw
Vehumet
Wu Jian
Xom
Yredelemnul
Jiyva

Shops:
D:5 *   Orc:1 (   Orc:2 =:(:

Annotations:
D:11 exclusion: downstairs
D:15 1 runed translucent door, Assoc's ghost, adept DEFE
Spider:2 Aizul
Abyss:1 Nikola


Innate Abilities, Weirdness & Mutations

You are surrounded by a strong repulsion field. (EV +4, RMsl)
You regenerate a little health from kills.
You sometimes gain a little power by taking damage.
You have a sharp stinger which inflicts weakening toxins.


Message History

You hit the harpy.
The harpy is severely wounded.
Your +6 rapier "Ziesm" {spect, Dex+5 Stlth+} hits the harpy!
You block the harpy's attack. The harpy barely misses you.
The harpy closely misses you. The harpy misses you.
You block the harpy's attack. The harpy misses you.
The harpy claws you but does no damage. x2; The harpy closely misses you.
The harpy barely misses you.
You feel better. The harpy claws you but does no damage.
You block the harpy's attack. The harpy claws you!
You block the harpy's attack. The skyshark bites you!
The skyshark tastes blood and grows stronger!
The skyshark barely misses you. The skyshark tail-slaps you!
* * * LOW HITPOINT WARNING * * *
The harpy completely misses you. The harpy claws you but does no damage.
The harpy closely misses you. The harpy barely misses you.
You feel better. You block the harpy's attack. x2
The harpy closely misses you. The harpy claws you.
* * * LOW HITPOINT WARNING * * *
The harpy completely misses you. The harpy claws you but does no damage.
The skyshark bites you!!
* * * LOW HITPOINT WARNING * * *
You focus on the pain.
You feel very mighty all of a sudden.
The skyshark enters a blood-rage!
The skyshark barely misses you. The skyshark misses you. The harpy misses you.
The harpy claws you but does no damage.
You feel better.
Splash!
You fall into the shallow water.
Moving in this stuff is going to be slow.
You feel yourself speed up.
You block the harpy's attack. x2; The harpy barely misses you.
The harpy claws you but does no damage. The skyshark closely misses you.
The skyshark misses you.
The skyshark tail-slaps you but does no damage.
The harpy barely misses you. The harpy closely misses you.
The harpy barely misses you. x2; The skyshark bites you!!
You die...
Your body glows with a rainbow of weird colours and disappears.

≈H≈~....~≈≈≈≈≈≈
~~~~~~..~~≈≈≈≈≈
..~.....~≈≈≈≈≈
!.....~~≈≈≈≈≈ .
##..~~~~≈≈≈≈≈
..##...~~~≈≈≈≈≈≈
~......~~≈≈≈≈≈≈≈
~......l~.~~≈≈≈≈
.~~~..H@H.~~≈≈≈≈
.~~~~~H.~~~~≈≈≈≈
~~~~~~~~~~~≈≈≈≈≈
~~≈≈≈≈~~~≈≈≈≈≈≈≈
~≈≈≈≈≈≈≈≈≈≈≈≈≈≈≈
≈≈≈≈≈≈≈≈≈≈≈≈≈≈≈≈
≈≈≈≈≈≈≈≈≈≈≈≈≈≈≈≈
≈≈≈≈≈≈≈≈≈≈≈≈≈≈≈


You could see a skyshark (berserk) and 3 harpies.

Vanquished Creatures
  An emperor scorpion (Orc:2)
  2 ghost moths
  A broodmother (Spider:1)
  An ettin (shapeshifter) (D:15)
  4 vault guards (D:13)
  A centaur warrior (D:15)
  A merfolk aquamancer (Shoals:1)
  6 boulder beetles
  A tengu warrior (D:13)
  A deep elf knight (D:13)
  A skeletal warrior (D:15)
  A sea snake (Shoals:1)
  A spark wasp zombie (D:15)
  A pharaoh ant (Spider:1)
  A death drake (Orc:2)
  2 orb spiders
  A lindwurm (Lair:4)
  5 orc knights (Orc:2)
  An ugly thing zombie (D:15)
  A necromancer (D:15)
  11 ugly things
  A faun (Shoals:1)
  4 wolf spiders
  4 manticores
  An orc sorcerer (D:13)
  4 cyclopes
  A salamander (shapeshifter) (D:14)
  A water nymph (Shoals:1)
  2 black mambas (Lair:2)
  A guardian serpent (shapeshifter) (D:15)
  A gargoyle (D:13)
  A demonic crawler (Spider:1)
  6 cane toads
  An unseen horror (Orc:2)
  A spriggan zombie (D:15)
  Maggie (D:8)
  A freezing wraith (D:15)
  3 rime drakes
  2 efreet
  3 komodo dragons
  A tengu conjurer (D:13)
  3 trolls
  A guardian mummy (D:15)
  3 polar bears
  A wind drake (Shoals:1)
  A demonic crawler zombie (Spider:1)
  4 tarantellas (Spider:1)
  5 hornets
  2 merfolk (Shoals:1)
  A tarantella zombie (Spider:1)
  A blink frog (Lair:5)
  2 snapping turtles
  3 dream sheep
  A guardian serpent zombie (D:15)
  5 culicivoras
  7 jumping spiders
  Sigmund (D:3)
  6 slime creatures
  2 wraiths
  3 water elementals (Shoals:1)
  4 wyverns
  A vampire (D:11)
  A basilisk (shapeshifter) (D:13)
  9 spriggans (Lair:5)
  6 hogs (Shoals:1)
  22 yaks
  A steam dragon (D:8)
  A slime creature zombie (D:14)
  3 basilisks
  4 vampire mosquitoes (D:13)
  4 redbacks
  9 wargs (Orc:2)
  2 tengu zombies
  A merfolk zombie (Shoals:1)
  16 water moccasins
  2 acid dragons
  32 orc warriors
  2 black bears
  2 ice beasts (D:7)
  6 ogres
  4 boggarts
  14 centaurs
  43 wolves
  2 phantoms (D:5)
  6 kobold brigands
  13 bullfrogs
  3 scorpions
  2 necrophages
  2 gnoll sergeants
  3 wights (D:7)
  5 killer bees
  5 howler monkeys
  5 jellies
  2 gnoll boudas (D:7)
  13 hounds
  21 orc priests
  Jessica (D:2)
  4 iguanas
  22 orc wizards
  Robin (D:2)
  33 gnolls
  2 adders (D:3)
  A shadow imp (D:6)
  3 ufetubi (D:6)
  A dart slug (D:3)
  80 orcs
  6 bats
  12 endoplasms
  2 giant cockroaches
  14 goblins
  11 hobgoblins
  3 jackals
  25 kobolds
  3 quokkas
  7 ball pythons
  5 frilled lizards
  9 rats
  A butterfly (Lair:2)
  A fulminant prism (Lair:4)
655 creatures vanquished.

Vanquished Creatures (collateral kills)
  Mlioglotl (Spider:1)
  Kirke (Shoals:1)
  An ettin (Orc:2)
  2 hydras (Lair:5)
  A catoblepas (Lair:1)
  A jorogumo (Spider:1)
  2 centaur warriors (D:15)
  A boulder beetle (Lair:5)
  A radroach (Spider:1)
  An orc high priest (Orc:2)
  A vampire mage (D:15)
  3 skysharks
  A sea snake (Shoals:1)
  An orb spider (Spider:1)
  A deep elf pyromancer (D:15)
  An orc knight (Orc:1)
  An ugly thing zombie (D:15)
  3 harpies (Lair:2)
  11 ugly things
  A wolf spider (Spider:1)
  A demonic crawler (Spider:2)
  A black mamba (Lair:1)
  A cane toad (Lair:5)
  A torpor snail (Lair:4)
  A komodo dragon (D:13)
  2 rime drakes
  3 trolls
  5 polar bears (Lair:5)
  A hornet (Lair:5)
  A hornet (shapeshifter) (D:13)
  2 tarantellas (Spider:1)
  2 dream sheep (Lair:4)
  3 jumping spiders (Spider:1)
  8 slime creatures
  A culicivora (Spider:1)
  2 spriggans (Lair:5)
  A shadow (D:13)
  A yak (D:10)
  2 basilisks
  4 vampire mosquitoes (D:13)
  3 redbacks (Spider:1)
  A glowing shapeshifter skeleton (D:15)
  4 orc warriors
  An ogre (Orc:1)
  A boggart (Lair:5)
  13 wolves
  2 hog zombies (Shoals:1)
  A salamander zombie (D:14)
  A gnoll sergeant (D:6)
  A necrophage (D:6)
  2 wights (D:7)
  6 killer bees
  2 orc priests
  A gnoll bouda (Orc:1)
  2 orc wizards
  Terence (D:3)
  5 gnolls (Orc:1)
  A worm (D:3)
  9 orcs
  A hobgoblin (D:7)
  A starspawn tentacle (Spider:1)
138 creatures vanquished.

Vanquished Creatures (others)
  A sea snake (Shoals:1)
  A wizard (D:14)
  2 wolf spider zombies (Spider:1)
  A human zombie (Shoals:1)
  An orb spider zombie (Spider:1)
  A merfolk (Shoals:1)
  A boulder beetle zombie (D:13)
  A jumping spider zombie (Spider:2)
  An ettin zombie (D:15)
  2 slime creature zombies (D:14)
  A human (Shoals:1)
  A floating eye (Shoals:1)
  3 hog zombies (Shoals:1)
  An orc zombie (Orc:2)
  A bush (Lair:5)
  175 fulminant prisms
  46 fungi
  113 plants
  3 starspawn tentacles (Spider:1)
  9 withered plants
365 creatures vanquished.

Grand Total: 1158 creatures vanquished

Notes
Turn   | Place    | Note
-------+----------+-------------------------------------------
     0 | D:1      | dolemite99 the Demonspawn Conjurer began the quest for the
                  | Orb.
     0 | D:1      | Reached XP level 1. HP: 13/13 MP: 3/3
   392 | D:1      | Gained mutation: You have a small tail. [demonic ancestry]
   392 | D:1      | Reached XP level 2. HP: 19/19 MP: 1/5
  1176 | D:1      | Learned a level 2 spell: Searing Ray
  1622 | D:2      | Found a faded altar of an unknown god.
  2109 | D:2      | Found an ancient bone altar of Kikubaaqudgha.
  2255 | D:2      | Reached XP level 3. HP: 22/24 MP: 2/7
  2792 | D:2      | Prayed at the altar of an unknown god.
  2792 | D:2      | Became a worshipper of Nemelex Xobeh the Trickster
  2792 | D:2      | Reached * piety under Nemelex Xobeh
  2792 | D:2      | Received a gift from Nemelex Xobeh
  3140 | D:3      | Noticed Jessica
  3144 | D:2      | Killed Jessica
  3145 | D:2      | Reached skill level 1 in Invocations
  3317 | D:3      | Noticed Sigmund
  3335 | D:3      | Reached XP level 4. HP: 30/30 MP: 4/8
  3337 | D:3      | Noticed Robin
  3361 | D:2      | Killed Robin
  3362 | D:2      | Reached skill level 2 in Invocations
  4312 | D:3      | Reached skill level 3 in Invocations
  4312 | D:3      | Killed Sigmund
  4313 | D:3      | Reached skill level 5 in Conjurations
  4313 | D:3      | Reached skill level 4 in Invocations
  4313 | D:3      | Reached XP level 5. HP: 28/35 MP: 9/9
  4313 | D:3      | Reached XP level 6. HP: 33/41 MP: 10/10
  4556 | D:3      | Reached skill level 5 in Invocations
  4756 | D:3      | Noticed Terence
  4760 | D:3      | Identified the -2 quarterstaff "Hell-Harrower" {venom, rF+
                  | Str+3}
  4763 | D:3      | Killed Terence
  4903 | D:3      | Identified the -2 hand axe of the Beginning {flame, Int+3}
  5519 | D:4      | Learned a level 4 spell: Fulminant Prism
  5605 | D:4      | Reached ** piety under Nemelex Xobeh
  5634 | D:4      | Reached skill level 1 in Hexes
  5686 | D:4      | Received a gift from Nemelex Xobeh
  5708 | D:4      | Gained mutation: You have a tail ending in a sharp stinger.
                  | [demonic ancestry]
  5708 | D:4      | Reached XP level 7. HP: 32/46 MP: 0/11
  6789 | D:4      | Found a shimmering blue altar of Sif Muna.
  7529 | D:5      | Entered Level 5 of the Dungeon
  7538 | D:5      | Reached skill level 5 in Hexes
  8078 | D:5      | Gained mutation: You regenerate a little health from kills.
                  | [demonic ancestry]
  8078 | D:5      | Reached XP level 8. HP: 52/52 MP: 12/12
  9527 | D:5      | Learned a level 4 spell: Iskenderun's Mystic Blast
  9773 | D:5      | Found Maewn's CLEARANCE SALE!.
  9780 | D:5      | Bought a scroll of summoning for 38 gold pieces
 10057 | D:6      | Found an ancient bone altar of Kikubaaqudgha.
 10087 | D:6      | Reached skill level 1 in Translocations
 10201 | D:6      | Reached skill level 6 in Invocations
 10420 | D:6      | Found a radiant altar of Vehumet.
 11001 | D:6      | Gained mutation: You are surrounded by a mild repulsion
                  | field. (EV +2) [demonic ancestry]
 11001 | D:6      | Reached XP level 9. HP: 57/57 MP: 7/14
 11127 | D:6      | Reached skill level 7 in Invocations
 11752 | D:7      | Found a broken altar of Ashenzari.
 11761 | D:7      | Reached skill level 8 in Invocations
 11860 | D:7      | Reached *** piety under Nemelex Xobeh
 11890 | D:7      | Reached skill level 9 in Invocations
 12005 | D:7      | Identified the +6 rapier "Ziesm" {spect, Dex+5 Stlth+}
 12174 | D:7      | Reached skill level 1 in Fighting
 12174 | D:7      | Reached skill level 1 in Short Blades
 12541 | D:7      | Learned a level 3 spell: Teleport Other
 12840 | D:7      | Found a staircase to the Ecumenical Temple.
 12847 | Temple   | Entered the Ecumenical Temple
 13081 | D:7      | Reached skill level 1 in Throwing
 13439 | D:7      | Found the +7 staff of the Meek {protect, meekguard}
 13715 | D:7      | Reached skill level 1 in Evocations
 13891 | D:7      | Reached XP level 10. HP: 70/70 MP: 16/16
 14259 | D:8      | Identified the ring of Acas {rPois rCorr Int+6}
 14342 | D:8      | Found a shimmering altar of Xom.
 14348 | D:8      | Received a gift from Nemelex Xobeh
 14771 | D:8      | Noticed Maggie
 14778 | D:8      | Killed Maggie
 15000 | D:8      | Reached skill level 1 in Shields
 15443 | D:9      | Reached **** piety under Nemelex Xobeh
 15443 | D:9      | Found a staircase to the Orcish Mines.
 15546 | D:9      | Found a staircase to the Lair.
 15564 | D:9      | Received a gift from Nemelex Xobeh
 16167 | D:9      | Received a gift from Nemelex Xobeh
 17146 | Lair:1   | Entered Level 1 of the Lair of Beasts
 17153 | Lair:1   | Reached ***** piety under Nemelex Xobeh
 17166 | Lair:1   | Noticed a black mamba
 17176 | Lair:1   | Killed a black mamba
 17210 | Lair:1   | Received a gift from Nemelex Xobeh
 17263 | Lair:1   | Noticed a catoblepas
 17289 | Lair:1   | Killed a catoblepas
 17290 | Lair:1   | Reached skill level 5 in Fighting
 17611 | Lair:1   | Reached skill level 5 in Spellcasting
 18225 | Lair:1   | Reached XP level 11. HP: 73/79 MP: 18/18
 18357 | Lair:1   | Reached skill level 10 in Invocations
 19176 | Lair:1   | Learned a level 5 spell: Lightning Bolt
 19288 | Lair:1   | Received a gift from Nemelex Xobeh
 19455 | Lair:2   | Reached skill level 1 in Air Magic
 19972 | Lair:2   | Received a gift from Nemelex Xobeh
 19977 | Lair:2   | Found a staircase to the Shoals.
 19978 | Lair:2   | Noticed a harpy
 19978 | Lair:2   | Noticed a harpy
 19982 | Lair:2   | Killed a harpy
 19985 | Lair:2   | Noticed a harpy
 19990 | Lair:2   | Killed a harpy
 19996 | Lair:2   | Killed a harpy
 19997 | Lair:2   | Reached skill level 5 in Air Magic
 20350 | Lair:2   | Received a gift from Nemelex Xobeh
 20637 | Lair:3   | Found a hole to the Spider Nest.
 20723 | Lair:3   | Found a gate leading to a gauntlet.
 21211 | Lair:3   | Received a gift from Nemelex Xobeh
 22119 | Lair:4   | Noticed a skyshark
 22130 | Lair:4   | Killed a skyshark
 22131 | Lair:4   | Gained mutation: You are surrounded by a moderate repulsion
                  | field. (EV +3) [demonic ancestry]
 22131 | Lair:4   | Reached XP level 12. HP: 60/86 MP: 3/19
 22451 | Lair:4   | Reached ****** piety under Nemelex Xobeh
 22921 | Lair:4   | Received a gift from Nemelex Xobeh
 23367 | Lair:5   | Entered Level 5 of the Lair of Beasts
 23734 | Lair:5   | Reached skill level 10 in Conjurations
 23753 | Lair:5   | Noticed a six-headed hydra
 23754 | Lair:5   | a six-headed hydra changed into a great orb of eyes
 23754 | Lair:5   | Noticed a great orb of eyes
 23756 | Lair:5   | a great orb of eyes changed into a salamander
 23773 | Lair:5   | Noticed a four-headed hydra
 24233 | Lair:5   | Killed a four-headed hydra
 24513 | Lair:5   | Found a staircase to the Slime Pits.
 25017 | Lair:5   | Reached skill level 1 in Ranged Weapons
 25581 | Lair:5   | Gained mutation: You sometimes gain a little power by
                  | taking damage. [demonic ancestry]
 25581 | Lair:5   | Reached XP level 13. HP: 98/98 MP: 24/24
 25618 | Lair:5   | Reached skill level 11 in Invocations
 25628 | Lair:5   | Found a viscous altar of Jiyva.
 25831 | Lair:5   | Received a gift from Nemelex Xobeh
 25965 | Lair:5   | Reached skill level 12 in Invocations
 26806 | D:10     | Entered Level 10 of the Dungeon
 27263 | D:10     | Received a gift from Nemelex Xobeh
 28284 | D:11     | Received a gift from Nemelex Xobeh
 28292 | D:11     | Identified the +2 long sword "Cukh" {flame, rElec MP+9
                  | Int+3}
 28398 | D:11     | Received a gift from Nemelex Xobeh
 28461 | D:11     | Reached skill level 5 in Dodging
 29093 | D:11     | Received a gift from Nemelex Xobeh
 30300 | D:12     | Found a shimmering altar of Xom.
 30301 | D:12     | Found a shimmering altar of Xom.
 30302 | D:12     | Found a shimmering altar of Xom.
 30347 | D:12     | Received a gift from Nemelex Xobeh
 30398 | D:12     | Received a gift from Nemelex Xobeh
 30699 | Orc:1    | Entered Level 1 of the Orcish Mines
 30966 | Orc:1    | Received a gift from Nemelex Xobeh
 31570 | Orc:1    | Found Vaollug's Weapon Boutique.
 31700 | Orc:2    | Entered Level 2 of the Orcish Mines
 31700 | Orc:2    | Found a staircase to the Elven Halls.
 32176 | Orc:2    | Received a gift from Nemelex Xobeh
 32258 | Orc:2    | Received a gift from Nemelex Xobeh
 32317 | Orc:2    | Noticed an ettin
 32333 | Orc:2    | Killed an ettin
 34010 | Orc:2    | Reached skill level 5 in Translocations
 34329 | Orc:2    | Found Xetiprio's Weapon Emporium.
 34329 | Orc:2    | Found Ibefroozue's Book Shop.
 34356 | Orc:2    | Gained mutation: You have a sharp stinger which inflicts
                  | weakening toxins. [demonic ancestry]
 34356 | Orc:2    | Reached XP level 14. HP: 108/108 MP: 23/25
 34919 | Orc:2    | Noticed Jorgrun
 35011 | Orc:2    | Jorgrun changed into Jorgrun the emperor scorpion
 35011 | Orc:2    | Noticed Jorgrun
 35012 | Orc:2    | Killed Jorgrun the emperor scorpion
 35205 | Orc:2    | Found Badgho's Jewellery Emporium.
 35205 | Orc:2    | Found Nerubul's Book Shop.
 35820 | Orc:2    | Learned a level 2 spell: Sublimation of Blood
 35876 | Orc:2    | Bought a book of Death for 572 gold pieces
 35876 | Orc:2    | Bought a manual of Staves for 1040 gold pieces
 35883 | Orc:2    | Learned a level 4 spell: Animate Dead
 35917 | Orc:2    | Bought Great Wizards, Vol. VII for 450 gold pieces
 35925 | Orc:2    | Learned a level 5 spell: Yara's Violent Unravelling
 36021 | Orc:2    | Reached skill level 1 in Necromancy
 36021 | Orc:2    | Reached skill level 1 in Transmutations
 36859 | D:13     | Received a gift from Nemelex Xobeh
 36993 | D:13     | Paralysed by a hornet for 3 turns
 37704 | D:13     | Received a gift from Nemelex Xobeh
 38321 | D:12     | Upgraded the game from 0.30-a0-793-g160f7cfddd to
                  | 0.30-a0-799-g109b55a442
 38924 | D:13     | Noticed a ghost moth
 38926 | D:13     | Killed a ghost moth
 39357 | D:13     | Identified the +8 rapier of the Arena {heavy, rElec rF+
                  | rN+}
 39718 | D:13     | Reached skill level 5 in Necromancy
 40185 | D:13     | Found a gate to the Vaults.
 40889 | D:14     | Reached skill level 5 in Transmutations
 41260 | D:14     | Received a gift from Nemelex Xobeh
 41429 | D:14     | Received a gift from Nemelex Xobeh
 41573 | D:15     | Entered Level 15 of the Dungeon
 42187 | D:15     | Received a gift from Nemelex Xobeh
 42376 | D:15     | Identified the -1 quarterstaff of the Blowfly {freeze, rF+
                  | Str+5 Int-3 Stlth+}
 42867 | D:15     | Found a runed translucent door.
 42872 | D:15     | Noticed Assoc's ghost (adept DEFE)
 43110 | D:15     | Gained mutation: You are surrounded by a strong repulsion
                  | field. (EV +4, RMsl) [demonic ancestry]
 43110 | D:15     | Reached XP level 15. HP: 88/114 MP: 26/26
 44314 | D:15     | Received a gift from Nemelex Xobeh
 44321 | D:15     | Found a staircase to the Depths.
 45093 | Orc:2    | Bought a Young Poisoner's Handbook for 260 gold pieces
 45248 | Spider:1 | Entered Level 1 of the Spider Nest
 45404 | Spider:1 | Noticed Mlioglotl
 45408 | Spider:1 | Noticed a tentacled starspawn
 45412 | Spider:1 | Noticed a bone dragon
 45430 | Spider:1 | Received a gift from Nemelex Xobeh
 45479 | Spider:1 | Killed Mlioglotl
 46055 | Spider:1 | Learned a level 4 spell: Olgreb's Toxic Radiance
 46166 | Spider:1 | Reached skill level 1 in Poison Magic
 48023 | Spider:2 | Noticed Aizul
 48984 | Spider:1 | Reached skill level 5 in Poison Magic
 50822 | Shoals:1 | Entered Level 1 of the Shoals
 50823 | Shoals:1 | Noticed Kirke
 50829 | Shoals:1 | Killed Kirke
 50846 | Shoals:1 | Your ally Kirke died
 51376 | Shoals:1 | Noticed Nikola
 51670 | Shoals:1 | Banished Nikola
 52216 | Shoals:1 | HP: 4/114 [skyshark (23)]
 52217 | Shoals:1 | Mangled by a skyshark

Illustrated notes

Levels and vault maps discovered:
D:1:      dpeg_arrival_rooms_with_view, layout_basic
D:2:      layout_rooms, basic_altar, ebering_ecumenical_altar_petrified
D:3:      minmay_wonky_spiral, layout_rooms, uniq_terence, uniq_jessica,
          uniq_sigmund, uniq_robin
D:4:      layout_basic, lemuel_blue_sif_altar, lexackson_kobold_supper
D:5:      layout_loops_corners, nicolae_shop_clearance
D:6:      layout_layer_cave, lemuel_tele_altar, lemuel_round_altar
D:7:      kennysheep_housing_project, layout_cave_pools, old_standard_altar,
          minmay_temple_entry_nine_rooms, enter_bailey_1, pf_guarded_unrand_meek
D:8:      layout_rooms, mainiacjoe_overflow_boulevard, minmay_misc_feat_room,
          uniq_maggie
D:9:      layout_layer_cave, lair_entry_dummy, minmay_orc_entry_temple_small
D:10:     layout_basic
D:11:     layout_gridville, serial_rivers, chequers_serial_rivers_micro_b,
          chequers_serial_rivers_small_b, chequers_serial_rivers_micro_b,
          chequers_serial_rivers_micro_c, chequers_serial_rivers_micro_b,
          chequers_serial_rivers_room_b, chequers_jeans,
          minmay_misc_feat_pillars
D:12:     layout_small_grid, xom_shifter_show
D:13:     layout_grid_maze, grunt_vaults_entry_fortified
D:14:     cheibrodos_quadrivalence, layout_cross, wad_floor_pattern_untrapped,
          chequers_mini_garden
D:15:     gammafunk_depths_entry_grave, layout_grid_maze, minivault_19,
          ebering_ghost_reflecting_pool
Temple:   minmay_crystal_spiral_temple
Lair:1:   layout_regular_city
Lair:2:   layout_gridlike, nicolae_shoals_entry_roost, lemuel_fruit_fields,
          grunt_megastairs_1, lemuel_fruit_fields
Lair:3:   layout_hall_layers, dummy_spider_entry, gauntlet_entry_generic
Lair:4:   layout_regular_city, chequers_serial_rivers_small_b
Lair:5:   minmay_lair_end_enchanted_forest, layout_loops_ring,
          nicolae_slime_entry_slimehenge, nicolae_quartered_pool_super,
          grunt_forest_large_clearings
Shoals:1: layout_shoals, ebering_ghost_reflecting_pool, uniq_kirke, uniq_nikola
Spider:1: layout_chambers, uniq_mlioglotl
Spider:2: layout_spider_delve, drop_trap, nicolae_spider_cling_halls, uniq_aizul
Orc:1:    layout_diamond_mine, serial_shops,
          nicolae_shop_temple_entry_statues_fountains, statue_in_the_mist_lemuel
Orc:2:    st_orc_town, layout_diamond_mine, uniq_jorgrun

Skill      XL: |  1  2  3  4  5  6  7  8  9 10 11 12 13 14 15 |
---------------+----------------------------------------------+-----
Spellcasting   | 3 5 7 8 |  8.5
Invocations    | 1 4 5 6 9 10 12 | 12.1
Conjurations   | 5 6 9 10 | 10.3
Hexes          | 2 5 7 |  7.9
Translocations | 3 4 5 6 |  6.4
Fighting       | 3 5 7 9 |  9.4
Short Blades   | 2 |  2.0
Dodging        | 3 7 |  7.5
Throwing       | 3 |  3.0
Evocations     | 1 3 |  3.0
Shields        | 4 |  4.0
Stealth        | 3 |  3.0
Air Magic      | 7 |  7.0
Ranged Weapons | 3 4 |  4.0
Necromancy     | 7 |  7.0
Transmutations | 7 9 |  9.0
Poison Magic   | 8 |  8.3

Action                     |  1- 3 |  4- 6 |  7- 9 | 10-12 | 13-15 || total
---------------------------+-------+-------+-------+-------+-------++-------
  Melee: Dagger            |     8 |       |    12 |       |       ||    20
         Tailslap          |     1 |       |     6 |    14 |    68 ||    89
         Staff             |     1 |       |       |       |       ||     1
         Rapier            |       |       |    23 |   102 |   355 ||   480
   Fire: Sling             |       |    95 |    23 |    57 |    26 ||   201
         Shortbow          |       |       |    18 |       |       ||    18
  Throw: Dart              |       |       |       |    50 |   361 ||   411
   Cast: Magic Dart        |    51 |     6 |   106 |    45 |       ||   208
         Searing Ray       |    13 |    22 |    63 |    59 |     8 ||   165
         Fulminant Prism   |       |       |    20 |    46 |   111 ||   177
         Iskenderun's Myst |       |       |     1 |    37 |    75 ||   113
         Lightning Bolt    |       |       |       |     3 |    80 ||    83
         Teleport Other    |       |       |       |     3 |     1 ||     4
         Animate Dead      |       |       |       |       |    23 ||    23
         Yara's Violent Un |       |       |       |       |     1 ||     1
         Olgreb's Toxic Ra |       |       |       |       |     5 ||     5
 Invoke: Draw Destruction  |       |     5 |       |    10 |    62 ||    77
         Draw Summoning    |       |     2 |     2 |    12 |    38 ||    54
         Deal Four         |       |       |       |       |     2 ||     2
         Draw Escape       |       |       |       |       |     1 ||     1
  Evoke: Wand              |       |       |       |     4 |    18 ||    22
    Use: Scroll            |       |    12 |    11 |    15 |    20 ||    58
         Potion            |       |     1 |     4 |     5 |    22 ||    32
   Stab: Sleeping          |       |       |       |     1 |     2 ||     3
         Distracted        |       |       |       |     2 |     7 ||     9
 Armour: Robe              |    10 |    24 |    27 |     6 |       ||    67
         Steam dragon scal |       |       |       |    57 |   267 ||   324
  Dodge: Dodged            |    42 |    39 |    75 |   206 |   757 ||  1119
         Repelled          |       |       |       |       |     5 ||     5
  Block: Other             |       |       |    13 |    31 |       ||    44
         Reflection        |       |       |       |     3 |       ||     3
         Buckler           |       |       |       |   118 |   272 ||   390

Table legend: (Time is in decaauts)
 A = Elapsed time spent in this place.
 B = Non-inter-level travel time spent in this place.
 C = Inter-level travel time spent in this place.
 D = Time resting spent in this place.
 E = Time spent auto-exploring this place.
 F = Levels seen in this place.
 G = Mean time per level.
                   A        B        C        D        E       F      G
               +--------+--------+--------+--------+--------+-----+--------+
         Total |  52314 |  50226 |   2088 |  25242 |  16961 |  26 | 2012.1 |
       Dungeon |  29367 |  28273 |   1094 |  14003 |   9834 |  15 | 1957.8 |
        Temple |    212 |    129 |     83 |      0 |    112 |   1 |  212.0 |
          Lair |  11076 |  10724 |    352 |   5419 |   3670 |   5 | 2215.2 |
        Shoals |    136 |    136 |      0 |      0 |      0 |   1 |  136.0 |
   Spider Nest |   5508 |   5280 |    228 |   2856 |   1884 |   2 | 2754.0 |
  Orcish Mines |   6012 |   5682 |    330 |   2963 |   1461 |   2 | 3006.0 |
               +--------+--------+--------+--------+--------+-----+--------+

Top non-repeatable levels by time:
Spider:1: 5390 daAuts
   Orc:2: 4008 daAuts
    D:13: 3439 daAuts
    D:15: 3298 daAuts
  Lair:4: 2650 daAuts
  Lair:5: 2595 daAuts
     D:1: 2511 daAuts
     D:5: 2455 daAuts
  Lair:2: 2449 daAuts
     D:7: 2325 daAuts
  Lair:1: 2299 daAuts
    D:11: 2144 daAuts
     D:4: 2046 daAuts
   Orc:1: 2004 daAuts
     D:9: 1820 daAuts
